 Dungeon Crawl Stone Soup version 0.21-a0-94-gdd6ab6a (webtiles) character file.

1290 Spazmo the Destroyer (level 8, -3/46 HPs)
             Began as a Deep Elf Conjurer on July 2, 2017.
             Slain by a slave (6 damage)
             ... led by Pikel
             ... on level 5 of the Dungeon.
             The game lasted 00:13:52 (4030 turns).

Spazmo the Destroyer (Deep Elf Conjurer)            Turns: 4030, Time: 00:13:53

Health: -3/46      AC:  4    Str:  5    XL:     8   Next: 30%
Magic:  11/21      EV: 15    Int: 23    God:
Gold:   70         SH:  0    Dex: 15    Spells: 11/22 levels left

rFire    . . .     SeeInvis .   t - +4 quarterstaff (chaos)
rCold    . . .     Gourm    .   (shield currently unavailable)
rNeg     . . .     Faith    .   a - +0 robe
rPois    +         Spirit   .   (no helmet)
rElec    .         Reflect  .   u - +0 cloak
rCorr    .         Harm     .   (no gloves)
MR       .....                  p - +0 pair of boots
Stlth    ++........             (no amulet)
HPRegen  0.15/turn              e - ring of poison resistance
MPRegen  0.17/turn              (no ring)

@: no status effects
A: no striking features
a: no special abilities


You were on level 5 of the Dungeon.
You were not hungry.

You visited 1 branch of the dungeon, and saw 5 of its levels.

You collected 70 gold pieces.

Inventory:

Hand Weapons
 d - a +0 short sword
 t - a +4 quarterstaff of chaos (weapon)
Missiles
 h - 94 stones (quivered)
Armour
 a - a +0 robe (worn)
 p - a +0 pair of boots (worn)
 u - a +0 cloak (worn)
Jewellery
 e - a ring of poison resistance (left hand)
Scrolls
 g - a scroll of blinking
 i - 5 scrolls of identify
 k - 3 scrolls of remove curse
 o - a scroll of random uselessness {unknown}
 s - a scroll of recharging
Potions
 j - a potion of brilliance
 l - a potion of resistance {unknown}
 m - a potion of berserk rage {unknown}
 n - a potion of curing {unknown}
 r - a potion of flight {unknown}
Books
 b - a book of Conjurations

   Spells                             Type                      Level
   a - Magic Dart                     Conjuration                  1
   b - Searing Ray                    Conjuration                  2
   c - Dazzling Spray                 Conjuration/Hexes            3
   d - Fulminant Prism                Conjuration/Hexes            4
   e - Force Lance                    Conjuration/Translocation    4
   f - Iskenderun's Mystic Blast      Conjuration                  4
 v - a book of Misfortune

   Spells                             Type                      Level
   a - Confusing Touch                Hexes                        1
   b - Confuse                        Hexes                        3
   c - Gell's Gravitas                Translocation                3
   d - Petrify                        Transmutation/Earth          4
   e - Metabolic Englaciation         Hexes/Ice                    5
   f - Yara's Violent Unravelling     Hexes/Transmutation          5
Comestibles
 c - 3 bread rations
 f - 5 meat rations
 q - a fruit
 w - 6 chunks of flesh


   Skills:
 + Level 3.1 Fighting
 + Level 5.5 Dodging
 - Level 2.4 Stealth
 * Level 7.7 Spellcasting
 * Level 8.0 Conjurations


You had 11 spell levels left.
You knew the following spells:

 Your Spells              Type           Power        Failure   Level  Hunger
a - Magic Dart            Conj           ####         1%          1    None
b - Searing Ray           Conj           #####.       1%          2    None
c - Force Lance           Conj/Tloc      ####....     14%         4    ###....
d - Iskenderun's Mystic   Conj           #####...     2%          4    ###....


Dungeon Overview and Level Annotations

Branches:
Dungeon (5/15)
 Temple: D:4-7

Altars:
Sif Muna

Annotations:
D:5 Pikel


Message History

You finish channeling your searing ray.
Pikel hits you but does no damage. The slave completely misses you.
The slave hits you.
Casting: Searing Ray
Confirm with . or Enter, or press ? or * to list all spells.
Aiming: Searing Ray
Press: ? - help, Shift-Dir - straight line, f/p - Pikel
Aim: Pikel, wielding a whip of freezing and wearing a robe (severely wounded)
The searing ray hits Pikel.
Pikel is severely wounded. (Press . to maintain the ray.) Pikel hits you but does no damage.
The slave hits you! The slave hits you.
* * * LOW HITPOINT WARNING * * *
The searing ray hits Pikel.
Pikel is almost dead.
Pikel hits you with a whip of freezing!
* * * LOW HITPOINT WARNING * * *
Pikel freezes you.
* * * LOW HITPOINT WARNING * * *
The slave completely misses you. The slave hits you.
You die...

#..##...##.....##....##..#
#..##...##......#........##
................#.........#
.(..............+....##..##
#.)#######.....##.<..# ..#
#.)##...##.....########....
...............#........
...
#..)...........#.p......
##..
#..##..........'@p...... .
#..##...##.....##K......
........####'### ....##.
...##...##.....# #####
#..##...##........
#####.......%.......
................
....)......######
.>###.##.#


You could see Pikel and 2 slaves.

Vanquished Creatures
  The ghost of MatthieuS the Firebug, a novice TeFE of Sif Muna (D:4)
  Sigmund (D:3)
  A water moccasin (D:5)
  A sky beast (D:3)
  A centaur (D:5)
  A bullfrog (D:2)
  A howler monkey (D:5)
  2 hounds
  2 jellies (D:2)
  Crazy Yiuf (D:4)
  An orc priest (D:3)
  An orc wizard (D:3)
  4 worker ants
  6 adders
  9 oozes (D:2)
  5 worms
  A dart slug (D:3)
  4 leopard geckos
  3 orcs
  3 ball pythons
  11 bats
  8 giant cockroaches
  6 goblins
  10 hobgoblins
  3 jackals (D:2)
  2 quokkas (D:4)
  5 frilled lizards
  18 kobolds
  2 leopard gecko skeletons (D:4)
  6 rats
120 creatures vanquished.

Vanquished Creatures (others)
  A fungus (D:2)
  7 toadstools (D:2)
8 creatures vanquished.

Grand Total: 128 creatures vanquished

Notes
Turn   | Place    | Note
-------+----------+-------------------------------------------
     0 | D:1      | Spazmo the Deep Elf Conjurer began the quest for the Orb.
     0 | D:1      | Reached XP level 1. HP: 10/10 MP: 6/6
    93 | D:1      | Reached XP level 2. HP: 16/16 MP: 4/8
    97 | D:1      | Learned a level 2 spell: Searing Ray
   358 | D:1      | Reached skill level 5 in Conjurations
   701 | D:2      | Reached XP level 3. HP: 20/20 MP: 5/9
  1041 | D:2      | Reached XP level 4. HP: 24/24 MP: 1/11
  1453 | D:2      | Reached skill level 1 in Fighting
  1492 | D:2      | Reached XP level 5. HP: 19/29 MP: 4/13
  1701 | D:2      | Learned a level 4 spell: Force Lance
  1706 | D:2      | Learned a level 4 spell: Iskenderun's Mystic Blast
  1830 | D:2      | Reached skill level 6 in Conjurations
  1883 | D:2      | Reached XP level 6. HP: 35/35 MP: 9/15
  1932 | D:2      | Reached skill level 5 in Spellcasting
  2264 | D:3      | Noticed Sigmund
  2560 | D:3      | Found a deep blue altar of Sif Muna.
  2661 | D:3      | Noticed a sky beast
  2689 | D:3      | Killed Sigmund
  2760 | D:3      | Killed a sky beast
  2760 | D:3      | Reached XP level 7. HP: 24/40 MP: 7/18
  3184 | D:4      | Noticed MatthieuS's ghost (novice TeFE)
  3194 | D:4      | Killed MatthieuS's ghost
  3194 | D:4      | Reached skill level 5 in Dodging
  3194 | D:4      | Reached skill level 7 in Conjurations
  3205 | D:4      | Found a runed door.
  3273 | D:4      | Noticed Crazy Yiuf
  3277 | D:4      | Killed Crazy Yiuf
  3758 | D:4      | Reached XP level 8. HP: 45/45 MP: 17/20
  3794 | D:5      | Entered Level 5 of the Dungeon
  4003 | D:5      | Reached skill level 8 in Conjurations
  4020 | D:5      | Noticed Pikel
  4030 | D:5      | Slain by a slave

Vault maps used:
D:1:      dpeg_arrival_tiny_h
D:2:      cheibrodos_fertilizer, minmay_tetromino_t2
D:3:      lemuel_blue_sif_altar, first_bread, uniq_sigmund
D:4:      uniq_crazy_yiuf_cottage
D:5:      kennysheep_mini_moat, trog_eyes_of_draining, minitemple,
          temple_doors_e, uniq_pikel, uniq_duvessa

Skill      XL: |  1  2  3  4  5  6  7  8 |
---------------+-------------------------+-----
Conjurations   | 5 6 7 8 |  8.0
Dodging        | 3 4 5 |  5.5
Spellcasting   | 4 6 7 |  7.7
Fighting       | 1 2 3 |  3.1
Stealth        | |  2.4

Action                   |  1- 3 |  4- 6 |  7- 9 || total
-------------------------+-------+-------+-------++-------
Melee: Short sword       |       |     3 |     7 ||    10
 Cast: Magic Dart        |    60 |   102 |    56 ||   218
       Searing Ray       |     3 |    10 |    14 ||    27
  Use: Scroll            |     4 |       |     2 ||     6
       Potion            |     1 |       |       ||     1
  Eat: Chunk             |       |     6 |     3 ||     9
       Fruit             |       |       |     1 ||     1
Armor: Robe              |     3 |     4 |     6 ||    13
Dodge: Dodged            |     4 |    22 |    28 ||    54
